 Dungeon Crawl Stone Soup version 0.24.0-125-gc4c63601f3 (webtiles) character file.

Game seed: 11873110511544756954, levelgen mode: deterministic

3686 Gynju the Covert (level 9, -3/46 (47) HPs)
             Began as a Spriggan Enchanter on Mar 7, 2020.
             Was an Initiate of Gozag.
             Slain by a centaur warrior (6 damage)
             ... on level 8 of the Dungeon.
             The game lasted 00:42:19 (12577 turns).

Gynju the Covert (Spriggan Enchanter)              Turns: 12577, Time: 00:42:20

HP:   -3/46 (47)    AC:  4    Str:  4    XL:     9   Next: 90%
MP:   4/16          EV: 25    Int: 24    God:    Gozag
Gold: 1253          SH:  0    Dex: 17    Spells: 3/16 levels left

rFire    . . .     SeeInvis +   a - +2 dagger
rCold    + . .     Gourm    .   (shield restricted)
rNeg     . . .     Faith    .   w - +1 robe {rC+}
rPois    +         Spirit   .   (helmet restricted)
rElec    .         Reflect  .   E - +0 cloak
rCorr    .         Harm     .   (gloves unavailable)
MR       +....                  (boots unavailable)
Stlth    +++++.....             (no amulet)
HPRegen  0.15/turn              z - +5 ring of intelligence
MPRegen  0.15/turn              l - ring of poison resistance

@: gold aura, very quick
A: very small, unfitting armour, see invisible, herbivore, speed 3, slow
metabolism 2
a: Potion Petition, Call Merchant, Bribe Branch, Renounce Religion


You were on level 8 of the Dungeon.
You worshipped Gozag.
Gozag was most pleased with you.
You were not hungry.

You visited 2 branches of the dungeon, and saw 9 of its levels.

You collected 1388 gold pieces.
You paid 135 gold pieces to Gozag.

Inventory:

Hand Weapons
 a - a +2 dagger (weapon)
 b - the +10 mace "Nodghaod" {crush, rElec rC+}
   (You found it on level 6 of the Dungeon)

   It inflicts extra damage upon your enemies.
   It protects you from cold.
   It insulates you from electricity.
 g - a +2 short sword of flaming
Missiles
 n - 138 stones (quivered)
 y - 26 poisoned darts
Armour
 w - a +1 robe of cold resistance (worn)
 E - a +0 cloak (worn)
Jewellery
 c - an uncursed ring of fire
 i - an uncursed ring of fire
 j - an uncursed ring of wizardry
 l - a ring of poison resistance (right hand)
 z - a +5 ring of intelligence (left hand)
 A - an uncursed ring of positive energy
 G - an uncursed ring of ice
Wands
 k - a wand of flame (12)
 u - a wand of acid (26)
 v - a wand of random effects (20)
Scrolls
 e - 3 scrolls of blinking
 f - 2 scrolls of teleportation
 m - 6 scrolls of remove curse {@r2}
 o - a scroll of magic mapping
 s - a scroll of enchant armour
 H - a scroll of random uselessness {unknown}
Potions
 h - a potion of resistance
 p - 2 potions of curing {@q1}
 q - a potion of brilliance
 r - a potion of mutation
 t - 2 potions of berserk rage
 x - 3 potions of haste
 B - a potion of heal wounds {unknown}
 C - a potion of agility {unknown}
 D - a potion of lignification {unknown}
 F - a potion of magic {unknown}
Comestibles
 d - 9 rations


   Skills:
 - Level 5.0 Fighting
 - Level 6.8 Short Blades
 - Level 9.3 Dodging
 - Level 10.5 Stealth
 - Level 4.1 Spellcasting
 - Level 4.8 Hexes
 + Level 2.8 Necromancy
 + Level 4.5 Translocations
 + Level 4.1 Evocations


You had 3 spell levels left.
You knew the following spells:

 Your Spells              Type           Power        Failure   Level  Hunger
a - Corona                Hex            ####...      1%          1    None
b - Ensorcelled Hibernat  Hex/Ice        ###...       5%          2    #......
c - Confuse               Hex            ####....     4%          3    ##.....
d - Tukima's Dance        Hex            ####....     4%          3    ##.....
e - Animate Skeleton      Necr           N/A          3%          1    None
f - Blink                 Tloc           N/A          2%          2    #......
g - Pain                  Necr           ###.         3%          1    None

Your spell library contained the following spells:

 Spells                   Type           Power        Failure   Level  Hunger
 Slow                     Hex            ####....     1%          2    #......
 Vampiric Draining        Necr           ###.......   9%          3    ##.....
 Magic Dart               Conj           #...         10%         1    None
 Dazzling Spray           Conj/Hex       ###...       11%         3    ##.....
 Call Imp                 Summ           #.......     14%         2    #......
 Regeneration             Chrm/Necr      ##........   16%         3    ##.....
 Conjure Flame            Conj/Fire      #.......     28%         3    ##.....
 Mephitic Cloud           Conj/Pois/Air  #.......     28%         3    ##.....
 Animate Dead             Necr           N/A          30%         4    ####...


Dungeon Overview and Level Annotations

Branches:
Dungeon (8/15)             Temple (1/1) D:5
   Lair: D:8-11

Altars:
Ashenzari
Cheibriados
Dithmenos
Fedhas
Gozag
Hepliaklqana
Kikubaaqudgha
Makhleb
Nemelex Xobeh
Okawaru
Qazlal
Ru
Sif Muna
Trog
Uskayaw
Vehumet
Wu Jian
Xom
Zin
The Shining One

Annotations:
D:5 2 transporters, exclusion: orc wizard, Edgeworth's ghost, novice HOFi
D:7 exclusion: 2 doors


Innate Abilities, Weirdness & Mutations

You are very small and have problems with some larger weapons.
You are too small for most types of armour.
You have supernaturally acute eyesight. (SInv)
You are a herbivore.
You cover ground extremely quickly.
You need to consume almost no food.


Message History

The centaur warrior easily resists.
The centaur warrior hits you but does no damage.
The centaur warrior closely misses you.
Casting: Ensorcelled Hibernation (safe; 5% risk of failure)
Confirm with . or Enter, or press ? or * to list all spells.
Aiming: Ensorcelled Hibernation (safe; 5% risk of failure)
Press: ? - help, Shift-Dir - straight line, f/p - centaur warrior
Aim: a centaur warrior (chance to defeat MR: 29%)
The centaur warrior easily resists.
The centaur warrior hits you.
* * * LOW HITPOINT WARNING * * *
Casting: Ensorcelled Hibernation (safe; 5% risk of failure)
Confirm with . or Enter, or press ? or * to list all spells.
Aiming: Ensorcelled Hibernation (safe; 5% risk of failure)
Press: ? - help, Shift-Dir - straight line, f/p - centaur warrior
Aim: a centaur warrior (chance to defeat MR: 29%)
The centaur warrior easily resists.
The centaur warrior hits you!
* * * LOW HITPOINT WARNING * * *
The centaur warrior hits you.
You die...
Your body crumbles into a pile of gold.

#)##..##..##......#.#...#........
[.....[##..##.S#+#..#...#.#######
..##=##..##.#.#.##.#...#.#
#..###..##....#.##.#...#.#######
.##..#..##..............#.#......
..##...##...............#.#.#####
#..##.##.+..............#........
##..###.......#.........###.#####
.##..#.###....##@##.#...#<.......
..##..........##c#......###.#####
#..#......#.####.####..## #.#
#.........#.# ... ...# #.#
#.........#.# #.# ##.## #.#
###.......#.# #.. #.# #.#
#.......#.##.#### #.#
#................ #.#####
###..#.####.#.#### #......


You could see a centaur warrior and an adder (wandering).

Vanquished Creatures
  Maurice (D:8)
  Grum (D:8)
  Menkaure (D:7)
  A water moccasin (D:7)
  Duvessa (D:6)
  A black bear (D:6)
  A sky beast (D:6)
  2 ice beasts
  A necrophage (D:7)
  3 orc warriors
  A wolf (D:7)
  A phantom (D:6)
  A crocodile (D:8)
  5 ogres
  Blork the orc (D:6)
  3 bullfrogs (D:6)
  Dowan (D:6)
  3 scorpions
  2 crimson imps
  2 jellies
  2 centaur skeletons
  An orc priest (D:7)
  3 hounds
  2 bullfrog skeletons
  6 iguanas
  3 orc wizards
  8 worker ants
  A hound zombie (D:7)
  A hound skeleton (D:8)
  A worker ant zombie (D:5)
  4 gnolls
  11 adders
  A shadow imp (D:7)
  An ooze (D:1)
  An adder skeleton (D:4)
  2 worms (D:3)
  4 dart slugs
  13 leopard geckos
  19 orcs
  A ball python (D:2)
  11 giant cockroaches
  4 goblins
  4 hobgoblins
  7 jackals (D:7)
  6 quokkas
  12 bats
  4 frilled lizards
  8 kobolds
  2 leopard gecko skeletons (D:4)
  6 rats
182 creatures vanquished.

Vanquished Creatures (collateral kills)
  3 gnolls
3 creatures vanquished.

Vanquished Creatures (others)
  6 dancing weapons
6 creatures vanquished.

Grand Total: 191 creatures vanquished

Notes
Turn   | Place    | Note
-------+----------+-------------------------------------------
     0 | D:1      | Gynju the Spriggan Enchanter began the quest for the Orb.
     0 | D:1      | Reached XP level 1. HP: 9/9 MP: 5/5
   424 | D:1      | Reached XP level 2. HP: 13/13 MP: 7/7
   428 | D:1      | Learned a level 2 spell: Ensorcelled Hibernation
   836 | D:1      | Reached skill level 5 in Stealth
  1439 | D:2      | Found a faded altar of an unknown god.
  1521 | D:2      | Reached XP level 3. HP: 16/16 MP: 8/8
  1925 | D:2      | Learned a level 3 spell: Confuse
  1929 | D:2      | Learned a level 3 spell: Tukima's Dance
  2057 | D:2      | Found a bloodstained altar of Trog.
  2092 | D:2      | Reached XP level 4. HP: 21/21 MP: 0/10
  2256 | D:2      | Reached skill level 6 in Stealth
  2865 | D:3      | You fall into a shaft and drop 3 floors!
  2874 | D:6      | Noticed a bullfrog
  2876 | D:5      | Entered Level 5 of the Dungeon
  2876 | D:5      | Found a transporter.
  2910 | D:5      | Found a staircase to the Ecumenical Temple.
  2910 | D:5      | Noticed an ice beast
  2922 | D:5      | Killed an ice beast
  2922 | D:5      | Reached skill level 7 in Stealth
  2922 | D:5      | Reached XP level 5. HP: 24/24 MP: 10/12
  2926 | Temple   | Entered the Ecumenical Temple
  3059 | Temple   | Became a worshipper of Gozag Ym Sagoz the Greedy
  3101 | D:5      | Found an opulent altar of Gozag.
  3161 | D:5      | Noticed Edgeworth's ghost (novice HOFi)
  3252 | D:4      | Reached skill level 8 in Stealth
  3378 | D:4      | Reached skill level 9 in Stealth
  3378 | D:4      | Reached XP level 6. HP: 27/28 MP: 13/13
  4516 | D:3      | Reached skill level 10 in Stealth
  6434 | D:5      | Found a transporter.
  6484 | D:5      | Reached XP level 7. HP: 32/32 MP: 9/14
  6862 | D:6      | Reached skill level 1 in Fighting
  7204 | D:6      | Reached skill level 5 in Dodging
  7378 | D:6      | Reached XP level 8. HP: 39/39 MP: 0/15
  7492 | D:6      | Noticed Duvessa
  7660 | D:6      | Found a shadowy altar of Dithmenos.
  7890 | D:6      | Found a shimmering altar of Xom.
  7890 | D:6      | Found a sacrificial altar of Ru.
  8097 | D:6      | Learned a level 1 spell: Animate Skeleton
  8505 | D:6      | Noticed Dowan
  8509 | D:6      | Killed Duvessa
  8509 | D:6      | Reached skill level 5 in Short Blades
  8516 | D:6      | Killed Dowan
  8841 | D:6      | Noticed Blork the orc
  8888 | D:6      | Killed Blork the orc
  8918 | D:6      | Identified the +10 mace "Nodghaod" {crush, rElec rC+} (You
                  | found it on level 6 of the Dungeon)
  9214 | D:7      | Reached XP level 9. HP: 36/45 MP: 6/16
  9316 | D:7      | Found a shimmering altar of Xom.
  9413 | D:7      | Found a hide-covered altar of Uskayaw.
 10112 | D:7      | Noticed Menkaure
 10118 | D:7      | Killed Menkaure
 10691 | D:8      | Reached skill level 5 in Fighting
 10773 | D:8      | Noticed a centaur warrior
 10804 | D:8      | Learned a level 2 spell: Blink
 10806 | D:8      | Learned a level 1 spell: Pain
 10885 | D:8      | Noticed Maurice
 10944 | D:8      | Killed Maurice
 10944 | D:8      | Reached skill level 1 in Necromancy
 11214 | D:8      | Noticed Grum
 11215 | D:8      | Killed Grum
 12523 | D:8      | Noticed a komodo dragon
 12577 | D:8      | Slain by a centaur warrior

Levels and vault maps discovered:
D:1:      tarquinn_simple_flora_water_c, layout_basic, serial_bayou,
          serial_bayou_shore_a, serial_bayou_pond_e, serial_bayou_shore_b,
          serial_bayou_pond_d, serial_bayou_pond_c, minmay_misc_feat_diagonals,
          minmay_pentomino_o2
D:2:      minmay_skewed_foursquare, layout_basic,
          chequers_ecumenical_altar_simple, bloody_trog
D:3:      layout_basic
D:4:      layout_basic, first_ration, gup_sewer_entry_pipe
D:5:      layout_gridville, minmay_temple_entry_mini_moons,
          gammafunk_ghost_mausoleum,
          nicolae_gozag_cash_rules_everything_around_me
D:6:      layout_basic, nicolae_dithmenos_through_a_glass_darkly,
          amethyst_overflow_temple_binary, uniq_blork_the_orc, uniq_duvessa
D:7:      layout_gridville, lemuel_doored_altar, tgw_xom, uniq_menkaure
D:8:      layout_basic, ebering_ghost_gozag, hangedman_ranch
          [blue_anna_fruit_fields], minmay_diamond_spiral, uniq_grum,
          uniq_maurice, uniq_harold
Temple:   nicolae_temple_elliptical

Skill      XL: |  1  2  3  4  5  6  7  8  9 |
---------------+----------------------------+-----
Spellcasting   | 3 4 |  4.1
Hexes          | 4 |  4.8
Stealth        | 5 7 9 10 | 10.5
Fighting       | 2 4 5 |  5.0
Short Blades   | 3 5 6 |  6.8
Dodging        | 5 8 9 |  9.3
Necromancy     | 2 |  2.8
Translocations | 4 |  4.5
Evocations     | 4 |  4.1

Action                   |  1- 3 |  4- 6 |  7- 9 || total
-------------------------+-------+-------+-------++-------
Melee: Dagger            |   105 |   146 |   219 ||   470
       Short sword       |       |       |     1 ||     1
       Mace              |       |       |     6 ||     6
Throw: Stone             |     1 |       |     4 ||     5
 Cast: Corona            |     7 |     4 |     3 ||    14
       Ensorcelled Hiber |    24 |    43 |   136 ||   203
       Tukima's Dance    |     1 |     7 |    10 ||    18
       Confuse           |       |     8 |    18 ||    26
       Blink             |       |       |     4 ||     4
Invok: Potion Petition   |       |       |     1 ||     1
  Use: Scroll            |       |       |    16 ||    16
 Stab: Sleeping          |    28 |    34 |    73 ||   135
       Confused          |       |     3 |    10 ||    13
       Distracted        |       |     3 |     4 ||     7
  Eat: Ration            |       |     3 |     4 ||     7
Armor: Robe              |    13 |    12 |    12 ||    37
Dodge: Dodged            |    87 |   100 |   220 ||   407
